[Event "Saturday 21 April Rapid Engine Tour 12+1 Rounds 9 Starts 1600ST"]
[Site "Infinity Chess"]
[Date "2018.4.21"]
[Round "8"]
[White "Marsell"]
[Black "KhalidOmar"]
[Result "1/2-1/2"]
[ECO "C55"]
[WhiteElo "2478"]
[BlackElo "2447"]
[WhiteEngine "BrainFish_180418_x64_bmi2"]
[BlackEngine "Eman 1.70-beta24 64-bit BMI2"]
[EventType "Swiss"]
[WhiteTeam ""]
[BlackTeam ""]
[PlyCount "94"]
[TimeControl "720+1"]

1. e4 e5 2. Nf3 Nc6 3. Bc4 Nf6 4. d3 Bc5 5. c3 d6 6. O-O a5 7. Bg5 h6 8. Bh4 O-O 
9. a4 g5 10. Bg3 Kg7 11. Nbd2 Nh7 12. h3 Ba7 13. d4 exd4 14. cxd4 Nxd4 
15. Nxd4 Bxd4 16. Qc2 Kh8 17. Rac1 g4 18. h4 f5 19. exf5 Bxf5 20. Bd3 Bxd3 
21. Qxd3 Bg7 22. Rfe1 Qd7 23. Qd5 b6 24. Qb7 Rac8 25. Ne4 Qf5 26. Kh2 Rfe8 
27. Nc3 Bd4 28. Rxe8+ Rxe8 29. Qxc7 Bxf2 30. Qxd6 Bxg3+ 31. Qxg3 Nf6 
32. Re1 Rxe1 33. Qxe1 Qc5 34. Qg3 Kg7 35. Ne4 Nxe4 36. Qxg4+ Ng5 37. hxg5 hxg5 
38. Qd7+ Kf6 39. Qd8+ Ke6 40. b3 Qd6+ 41. Qxd6+ Kxd6 42. Kg3 Kc5 43. Kg4 Kb4 
44. Kxg5 Kxb3 45. g4 Kxa4 46. Kf5 b5 47. g5 b4 1/2-1/2

[Event "Saturday 21 April Rapid Engine Tour 12+1 Rounds 9 Starts 1600ST"]
[Site "Infinity Chess"]
[Date "2018.4.21"]
[Round "8"]
[White "Susanne"]
[Black "Thinker"]
[Result "1/2-1/2"]
[ECO "C53"]
[WhiteElo "2511"]
[BlackElo "2449"]
[WhiteEngine "stockfish_jvv01_x64_bmi2_CTG"]
[BlackEngine "BrainFish_180411_x64_modern_CTG"]
[EventType "Swiss"]
[WhiteTeam ""]
[BlackTeam ""]
[PlyCount "143"]
[TimeControl "720+1"]

1. e4 e5 2. Nf3 Nc6 3. Bc4 Bc5 4. c3 Nf6 5. d3 O-O 6. O-O d6 7. Re1 a5 8. Bg5 h6 
9. Bh4 Be6 10. Nbd2 Ba7 11. Rc1 g5 12. Bg3 Rb8 13. Bb3 Bxb3 14. Nxb3 Qd7 
15. Nbd2 Rfe8 16. Nc4 b5 17. Ne3 Ne7 18. b3 Bxe3 19. fxe3 Qe6 20. Rc2 c5 
21. c4 a4 22. Rf2 axb3 23. axb3 bxc4 24. bxc4 Qg4 25. Rff1 Rb6 26. Qc2 Nd7 
27. Ra1 Reb8 28. Bf2 Rb2 29. Qc1 Qe6 30. Nd2 Nf6 31. Rb1 Rxb1 32. Nxb1 Nd7 
33. Nc3 f5 34. exf5 Nxf5 35. Qd1 Rf8 36. Qf3 Ne7 37. Qe2 Nf6 38. Nb5 Rf7 
39. h3 Nf5 40. Be1 d5 41. Rxf5 Qxf5 42. Nd6 Qe6 43. Nxf7 Kxf7 44. cxd5 Qxd5 
45. e4 Qc6 46. Qa2+ c4 47. Kf1 h5 48. Qxc4+ Qxc4 49. dxc4 Nxe4 50. Ke2 g4 
51. hxg4 hxg4 52. Ke3 Nf6 53. c5 Ke6 54. c6 Nd5+ 55. Ke4 Nf6+ 56. Kd3 Kd6 
57. Bg3 Nd5 58. Ke4 Nc3+ 59. Kf5 Kxc6 60. Be1 Nb5 61. Kxe5 Kd7 62. g3 Ke7 
63. Bd2 Kf7 64. Bc1 Nc3 65. Bg5 Ne2 66. Bh4 Kg6 67. Ke4 Ng1 68. Kf4 Kh5 
69. Ke3 Kg6 70. Kf4 Kh5 71. Ke3 Kg6 72. Ke4 1/2-1/2

[Event "Saturday 21 April Rapid Engine Tour 12+1 Rounds 9 Starts 1600ST"]
[Site "Infinity Chess"]
[Date "2018.4.21"]
[Round "8"]
[White "KQRBNP"]
[Black "Time_bandit"]
[Result "0-1"]
[ECO "C55"]
[WhiteElo "2390"]
[BlackElo "2462"]
[WhiteEngine "Eman 1.70-beta24 64-bit POPCNT"]
[BlackEngine "asmFishW_2018-04-11_bmi2"]
[EventType "Swiss"]
[WhiteTeam ""]
[BlackTeam ""]
[PlyCount "208"]
[TimeControl "720+1"]

1. e4 e5 2. Nf3 Nc6 3. Bc4 Nf6 4. d3 Bc5 5. Nc3 h6 6. O-O O-O 7. a3 a6 8. Be3 d6 
9. Bxc5 dxc5 10. Nd5 Be6 11. Ne3 Qd6 12. Bxe6 Qxe6 13. c3 Rad8 14. Qc2 Ng4 
15. b4 Nxe3 16. fxe3 b6 17. Rad1 Rfe8 18. Nd2 Qd6 19. Nc4 Qe7 20. h3 cxb4 
21. cxb4 Qd7 22. Nb2 Re6 23. Rc1 b5 24. Rf3 Rc8 25. Nd1 Nd8 26. Nc3 c6 
27. Ne2 Nb7 28. Ng3 c5 29. Nf5 Kh7 30. d4 c4 31. Rd1 Qe8 32. Rf2 Rc7 33. Rf3 Rd7 
34. d5 Rb6 35. Rdf1 a5 36. Qf2 axb4 37. axb4 Ra6 38. Qh4 Qd8 39. Qg3 f6 
40. Qh4 Rf7 41. R3f2 Nd6 42. Qg4 Rfa7 43. Rb2 Qd7 44. Rbb1 Ra8 45. Rfd1 Kh8 
46. Kh2 Qc7 47. Nxd6 Qxd6 48. Qg6 R6a7 49. Qf5 Ra6 50. Qg4 Kg8 51. h4 Kf8 
52. Rf1 Ra4 53. Rf3 Kg8 54. Rg3 Qe7 55. h5 R4a6 56. Rf3 Qa7 57. Re1 Rd8 
58. Rf2 Qd7 59. Qg6 Kh8 60. Rb1 Ra3 61. Rd2 Rf8 62. Re2 Qe7 63. Qf5 Qc7 
64. Qe6 Qa7 65. Rbe1 Rd8 66. Kg3 Rb3 67. Kf3 Rxb4 68. Qc6 Rb3 69. Rd1 Qa4 
70. Rc1 Qa3 71. Rd1 Kh7 72. Qc7 Rf8 73. g4 Qb4 74. d6 Qa4 75. Rc1 Rd3 
76. Qd7 Qa3 77. Rce1 Rb8 78. Rb1 Rxd6 79. Qf5+ Kh8 80. Rxb5 Rdd8 81. Rxb8 Rxb8 
82. Qd7 Qc1 83. Kf2 c3 84. Qc7 Rg8 85. Re1 Qd2+ 86. Re2 Qd3 87. Qc6 Rd8 
88. Qc5 Kg8 89. Qb6 Kh8 90. Qc5 Qxe4 91. Qc7 Rf8 92. Qxc3 Qxg4 93. e4 Ra8 
94. Rd2 Qxe4 95. Qg3 Qh1 96. Rc2 Qxh5 97. Qf3 Qh2+ 98. Qg2 Qh4+ 99. Qg3 Qe4 
100. Re2 Qc4 101. Rd2 Qb4 102. Qe3 Ra3 103. Qxa3 Qxa3 104. Rc2 e4 0-1

[Event "Saturday 21 April Rapid Engine Tour 12+1 Rounds 9 Starts 1600ST"]
[Site "Infinity Chess"]
[Date "2018.4.21"]
[Round "8"]
[White "star99"]
[Black "hafaba"]
[Result "1/2-1/2"]
[ECO "A46"]
[WhiteElo "2464"]
[BlackElo "2461"]
[WhiteEngine "Cryptic Heroes 9.4B"]
[BlackEngine "Eman 1.70-beta21 64-bit POPCNT_CTG"]
[EventType "Swiss"]
[WhiteTeam ""]
[BlackTeam ""]
[PlyCount "180"]
[TimeControl "720+1"]

1. d4 Nf6 2. Nf3 d5 3. e3 e6 4. Nbd2 c5 5. b3 Nbd7 6. Bb2 b6 7. Bd3 Bb7 
8. O-O Be7 9. Qe2 O-O 10. Rfd1 Rc8 11. Rac1 Rc7 12. c4 cxd4 13. Nxd4 Qb8 
14. Bb1 Rd8 15. Bc2 Rcc8 16. N4f3 h6 17. h3 dxc4 18. Nxc4 Bxf3 19. Qxf3 b5 
20. Nd2 Nd5 21. Ne4 b4 22. Bb1 Rxc1 23. Rxc1 f5 24. Ng3 Bf6 25. Bxf6 N5xf6 
26. Qc6 Kf7 27. Qc7 Ng8 28. Bd3 Ne7 29. Qc2 Ne5 30. Bf1 Qd6 31. Qb1 N5c6 
32. Qb2 Qd2 33. Qa1 Qd6 34. Bc4 Ne5 35. Be2 N5c6 36. Rc4 g6 37. Qc1 Ne5 
38. Rc7 N5c6 39. Rb7 Rb8 40. Rxb8 Qxb8 41. Nf1 Qd6 42. Nd2 Ne5 43. f4 Nd7 
44. Nc4 Qc5 45. Kh2 Nd5 46. Qb2 Nc3 47. a3 Nxe2 48. axb4 Qxb4 49. Qxe2 Qxb3 
50. Qd2 Qxc4 51. Qxd7+ Kf6 52. Qxa7 Qc3 53. Qb8 Kf7 54. Qb7+ Kf6 55. Qb8 Kg7 
56. Qd6 Qxe3 57. Qc7+ Kf6 58. Qd8+ Kg7 59. Qd7+ Kf6 60. Qd8+ Kg7 61. Qe7+ Kh8 
62. Qf6+ Kh7 63. Qf7+ Kh8 64. Qxg6 Qxf4+ 65. Kg1 e5 66. g3 Qc1+ 67. Kf2 Qd2+ 
68. Kf1 Qc1+ 69. Ke2 Qc4+ 70. Kf2 Qd4+ 71. Kf1 Qd1+ 72. Kg2 Qe2+ 73. Kh1 Qe4+ 
74. Kg1 Qd4+ 75. Kf1 Qd1+ 76. Kg2 Qe2+ 77. Kg1 Qe1+ 78. Kh2 Qe2+ 79. Kg1 e4 
80. Qxh6+ Kg8 81. Qe6+ Kg7 82. Qxf5 Qe1+ 83. Kg2 Qd2+ 84. Kf1 Qd1+ 85. Kg2 Qd2+ 
86. Kf1 Qd3+ 87. Ke1 Qxg3+ 88. Kf1 Qe3 89. Kg2 Qd2+ 90. Kf1 Qc1+ 1/2-1/2

[Event "Saturday 21 April Rapid Engine Tour 12+1 Rounds 9 Starts 1600ST"]
[Site "Infinity Chess"]
[Date "2018.4.21"]
[Round "8"]
[White "MedusaV3"]
[Black "Gilgamesch"]
[Result "1/2-1/2"]
[ECO "D00"]
[WhiteElo "2406"]
[BlackElo "2468"]
[WhiteEngine "Eman 1.70-beta23 64-bit BMI2_CTG"]
[BlackEngine "BrainFish_180408_x64_bmi2"]
[EventType "Swiss"]
[WhiteTeam ""]
[BlackTeam ""]
[PlyCount "112"]
[TimeControl "720+1"]

1. d4 d5 2. e3 Nf6 3. c4 e6 4. Nf3 Be7 5. Be2 b6 6. O-O Bb7 7. b3 O-O 
8. Bb2 dxc4 9. Bxc4 Nbd7 10. Nbd2 c5 11. Rc1 a6 12. Be2 Rc8 13. a3 cxd4 
14. Rxc8 Qxc8 15. Nxd4 Ne5 16. Qb1 Qa8 17. N4f3 Nxf3+ 18. Bxf3 Bxf3 19. Nxf3 Rc8 
20. h3 Qe4 21. Qa1 Qd5 22. b4 a5 23. Bd4 Ra8 24. Qb2 axb4 25. axb4 Ne4 
26. Ra1 Rxa1+ 27. Qxa1 Bf8 28. Bxb6 Bxb4 29. Qd4 Qxd4 30. Nxd4 Kf8 31. Nc6 Bd6 
32. Ba5 Ke8 33. f3 Nc5 34. Bc3 Kd7 35. Na5 e5 36. Nc4 Ke6 37. Nxd6 Kxd6 
38. g4 Ke6 39. Kf1 g6 40. Ke2 e4 41. Bd4 exf3+ 42. Kxf3 Nd3 43. h4 f5 
44. Ke2 Ne5 45. g5 Nd7 46. Kf2 Kd5 47. Kf3 Nf8 48. Bh8 Nd7 49. Bd4 Ne5+ 
50. Bxe5 Kxe5 51. Kg3 Ke4 52. Kf2 f4 53. exf4 Kxf4 54. h5 gxh5 55. Ke1 Kg4 
56. Kf1 h4 1/2-1/2

[Event "Saturday 21 April Rapid Engine Tour 12+1 Rounds 9 Starts 1600ST"]
[Site "Infinity Chess"]
[Date "2018.4.21"]
[Round "8"]
[White "Eman"]
[Black "Katzenmaier"]
[Result "1/2-1/2"]
[ECO "D02"]
[WhiteElo "2483"]
[BlackElo "2504"]
[WhiteEngine "Eman 1.70-beta24 64-bit POPCNT"]
[BlackEngine "Raubfisch X38a."]
[EventType "Swiss"]
[WhiteTeam ""]
[BlackTeam ""]
[PlyCount "77"]
[TimeControl "720+1"]

1. d4 d5 2. Nf3 Nf6 3. c4 e6 4. g3 Bb4+ 5. Bd2 Be7 6. Qc2 c6 7. Bg2 O-O 
8. O-O b6 9. Rd1 Nbd7 10. b3 Ba6 11. Bc3 Rc8 12. Nbd2 c5 13. e3 dxc4 
14. bxc4 Qc7 15. a4 cxd4 16. Nxd4 Bb7 17. a5 Bxg2 18. Kxg2 Qb7+ 19. e4 Ng4 
20. axb6 axb6 21. Nb5 Ra8 22. Qd3 Nge5 23. Qe2 Nc6 24. Nb3 Rxa1 25. Rxa1 Ra8 
26. Rxa8+ Qxa8 27. N3d4 Nc5 28. Nxc6 Qxc6 29. Bb4 g5 30. Kg1 Kf8 31. Qb2 f6 
32. e5 fxe5 33. Qxe5 Qe4 34. Qh8+ Kf7 35. Bc3 Qb1+ 36. Kg2 Qe4+ 37. Kg1 Qb1+ 
38. Kg2 Qe4+ 39. Kg1 1/2-1/2

[Event "Saturday 21 April Rapid Engine Tour 12+1 Rounds 9 Starts 1600ST"]
[Site "Infinity Chess"]
[Date "2018.4.21"]
[Round "7"]
[White "ocirema"]
[Black "Dovahkiin"]
[Result "1/2-1/2"]
[ECO "B90"]
[WhiteElo "2415"]
[BlackElo "2395"]
[WhiteEngine "asmFishW_2018-04-15_popcnt_CTG"]
[BlackEngine "BrainFish_180418_x64_modern_CTG"]
[EventType "Swiss"]
[WhiteTeam ""]
[BlackTeam ""]
[PlyCount "90"]
[TimeControl "720+1"]

1. e4 c5 2. Nf3 d6 3. d4 cxd4 4. Nxd4 Nf6 5. Nc3 a6 6. Be3 e5 7. Nb3 Be6 
8. Be2 Be7 9. Qd3 Nc6 10. a3 O-O 11. O-O Rc8 12. Nd5 Nd7 13. Qd2 h6 14. Rad1 Bg5 
15. Bxg5 Qxg5 16. Qxg5 hxg5 17. h3 g6 18. Rd2 Kg7 19. Rfd1 Rfd8 20. Bg4 f5 
21. Bf3 Kf7 22. Nc3 Nb6 23. Rxd6 Rxd6 24. Rxd6 Nc4 25. Rxe6 Kxe6 26. exf5+ Ke7 
27. fxg6 Kf6 28. Nc5 Nxb2 29. Be4 Nd8 30. Nd5+ Kg7 31. Nd7 Ne6 32. Nxe5 Re8 
33. Ng4 Nc5 34. Bf5 Rf8 35. Nge3 Nc4 36. g4 Nxe3 37. fxe3 Re8 38. Kf2 b5 
39. Ke2 Re5 40. Nc3 Re8 41. Kf3 Rd8 42. Kf2 Rb8 43. Nd5 Re8 44. Nc7 Re7 
45. Nd5 Re8 1/2-1/2

[Event "Saturday 21 April Rapid Engine Tour 12+1 Rounds 9 Starts 1600ST"]
[Site "Infinity Chess"]
[Date "2018.4.21"]
[Round "7"]
[White "MiKachomiKa QueeN"]
[Black "angriff"]
[Result "1/2-1/2"]
[ECO "B90"]
[WhiteElo "2402"]
[BlackElo "2395"]
[WhiteEngine "stockfish_18041819_x64_modern_CTG"]
[BlackEngine "DracoREX 3.07 64BIT POPCNT_CTG"]
[EventType "Swiss"]
[WhiteTeam ""]
[BlackTeam ""]
[PlyCount "114"]
[TimeControl "720+1"]

1. e4 c5 2. Nf3 d6 3. d4 cxd4 4. Nxd4 Nf6 5. Nc3 a6 6. h3 e5 7. Nde2 h5 
8. g3 Be6 9. Bg2 Nbd7 10. O-O b5 11. Be3 Be7 12. Nd5 Nxd5 13. exd5 Bf5 
14. f4 Rc8 15. c3 g6 16. Qd2 f6 17. Kh2 O-O 18. Ng1 b4 19. Nf3 bxc3 20. bxc3 Be4 
21. f5 Qa5 22. Bh6 Rfe8 23. Rae1 Bxf3 24. Bxf3 Qxc3 25. Qxc3 Rxc3 26. fxg6 Rc2+ 
27. Kg1 Bf8 28. Be3 Rb8 29. Bxh5 Rbb2 30. Bf3 f5 31. Bh1 Re2 32. Rxe2 Rxe2 
33. Ba7 f4 34. gxf4 exf4 35. a3 Ra2 36. Rxf4 Rxa3 37. h4 Ra1+ 38. Kg2 a5 
39. h5 a4 40. Rf7 Ne5 41. Rc7 a3 42. Bf2 Rd1 43. Ra7 Rd2 44. Kg3 Rd3+ 
45. Kf4 Rd2 46. Bg3 Rd3 47. Bf2 Rd2 48. Be3 Bh6+ 49. Ke4 Re2 50. Rxa3 Re1 
51. Bg2 Kg7 52. Bh3 Kf6 53. g7 Kxg7 54. Kd4 Nf3+ 55. Ke4 Ne5 56. Kd4 Rd1+ 
57. Ke4 Re1 1/2-1/2

[Event "Saturday 21 April Rapid Engine Tour 12+1 Rounds 9 Starts 1600ST"]
[Site "Infinity Chess"]
[Date "2018.4.21"]
[Round "7"]
[White "KhalidOmar"]
[Black "Mr Aj"]
[Result "1/2-1/2"]
[ECO "C58"]
[WhiteElo "2447"]
[BlackElo "2446"]
[WhiteEngine "Eman 1.70-beta24 64-bit BMI2"]
[BlackEngine "Houdini 6"]
[EventType "Swiss"]
[WhiteTeam ""]
[BlackTeam ""]
[PlyCount "156"]
[TimeControl "720+1"]

1. e4 e5 2. Nf3 Nc6 3. Bc4 Nf6 4. Ng5 d5 5. exd5 Na5 6. Bb5+ c6 7. dxc6 bxc6 
8. Be2 h6 9. Nh3 Qc7 10. O-O Bc5 11. Kh1 O-O 12. d3 Nb7 13. Nc3 Bxh3 
14. gxh3 Rad8 15. Bf3 Nd6 16. Rg1 Kh8 17. Qe2 Bd4 18. Bd2 Nf5 19. Bg2 Nh4 
20. Raf1 Rd6 21. Na4 Re6 22. Be4 Qe7 23. c3 Bb6 24. b4 Rd8 25. a3 Nxe4 
26. dxe4 Nf3 27. Qxf3 Rxd2 28. Nxb6 axb6 29. a4 Kh7 30. Rd1 Rb2 31. Rb1 Rxb1 
32. Rxb1 Rf6 33. Qe3 Rf4 34. Qxb6 Qe6 35. Qe3 Qa2 36. Rf1 Qxa4 37. Re1 Qa2 
38. Kg2 Rf6 39. Qc5 Rg6+ 40. Kh1 Kg8 41. Qe3 Rf6 42. Rf1 Rf4 43. Kg2 Qe6 
44. Re1 Qc4 45. Re2 Kh7 46. Re1 Rf6 47. Kh1 Rd6 48. Qg3 Rd3 49. Qxe5 Rxc3 
50. Kg2 Qxb4 51. Qf5+ Kg8 52. Rb1 Qf8 53. Rb7 Rc5 54. e5 Qe8 55. f4 Rb5 
56. Rc7 Rb2+ 57. Kg3 Rd2 58. Rc8 Rd3+ 59. Kg4 Rd8 60. Rc7 c5 61. Kh4 g6 
62. Qf6 Rd7 63. Rxc5 Kh7 64. Rc3 Ra7 65. Re3 Qb5 66. e6 fxe6 67. Qxe6 Qf1 
68. Kg3 Qg1+ 69. Kf3 Qxh2 70. Re2 Ra3+ 71. Re3 Rxe3+ 72. Kxe3 Qg1+ 73. Kf3 Qa7 
74. h4 Qa3+ 75. Ke4 Qa4+ 76. Ke3 Qa1 77. Qf7+ Qg7 78. Qxg7+ Kxg7 1/2-1/2

[Event "Saturday 21 April Rapid Engine Tour 12+1 Rounds 9 Starts 1600ST"]
[Site "Infinity Chess"]
[Date "2018.4.21"]
[Round "7"]
[White "IronMan"]
[Black "Vimtiroba"]
[Result "1/2-1/2"]
[ECO "D30"]
[WhiteElo "2449"]
[BlackElo "2413"]
[WhiteEngine "Eman 170b23-EXP2"]
[BlackEngine "AsmFish A12_CTG"]
[EventType "Swiss"]
[WhiteTeam ""]
[BlackTeam ""]
[PlyCount "82"]
[TimeControl "720+1"]

1. d4 d5 2. c4 e6 3. Nf3 Nf6 4. Nc3 c6 5. e3 Nbd7 6. Qc2 Bd6 7. Bd3 O-O 
8. O-O dxc4 9. Bxc4 b5 10. Bd3 Bb7 11. e4 e5 12. dxe5 Nxe5 13. Nxe5 Bxe5 
14. h3 Re8 15. Be3 Qe7 16. Ne2 Bc7 17. Ng3 Bxg3 18. fxg3 a6 19. Qf2 Qe6 
20. e5 Qxe5 21. Bd4 Qd6 22. Bxf6 Qxf6 23. Qxf6 gxf6 24. Rxf6 h6 25. Rxh6 Rad8 
26. Rd1 c5 27. Rf6 Bd5 28. Bf1 Be6 29. Rc1 c4 30. a3 Rd2 31. Rf2 Red8 
32. Rc2 Rxf2 33. Kxf2 Bf5 34. Re2 Rd1 35. Re5 Bg6 36. Re2 Kh7 37. g4 Kg7 
38. Re1 Rd2+ 39. Re2 Rd1 40. Re1 Rd2+ 41. Re2 Rd1 1/2-1/2

[Event "Saturday 21 April Rapid Engine Tour 12+1 Rounds 9 Starts 1600ST"]
[Site "Infinity Chess"]
[Date "2018.4.21"]
[Round "7"]
[White "Deep_Impact"]
[Black "Thinker"]
[Result "1/2-1/2"]
[ECO "C50"]
[WhiteElo "2437"]
[BlackElo "2450"]
[WhiteEngine "BrainFish_180411_x64_bmi2"]
[BlackEngine "BrainFish_180411_x64_modern_CTG"]
[EventType "Swiss"]
[WhiteTeam ""]
[BlackTeam ""]
[PlyCount "95"]
[TimeControl "720+1"]

1. e4 e5 2. Nf3 Nc6 3. Bc4 Bc5 4. O-O Nf6 5. d3 d6 6. c3 O-O 7. Re1 a5 
8. Nbd2 h6 9. Nf1 Be6 10. Bb5 Ne7 11. d4 Bb6 12. Ng3 Ng6 13. h3 exd4 14. cxd4 d5 
15. e5 Ne4 16. Bd3 Nxg3 17. fxg3 c5 18. Be3 cxd4 19. Bf2 Re8 20. Bxg6 fxg6 
21. Bxd4 Ra6 22. g4 g5 23. Qd2 Bc7 24. Qd3 Qc8 25. Rac1 Rc6 26. Rxc6 bxc6 
27. Qc2 Bf7 28. Bf2 Qb7 29. b3 Bb6 30. Nd4 c5 31. Nf5 Qc6 32. Nd6 Rf8 
33. Nxf7 Rxf7 34. e6 Re7 35. Qf5 c4 36. Bxb6 Qxb6+ 37. Kh1 Qc6 38. bxc4 dxc4 
39. Kg1 a4 40. Re5 Qb6+ 41. Kh1 Qb8 42. Re2 c3 43. Qc5 Qf4 44. Kg1 Qc1+ 
45. Kh2 Qf4+ 46. Kg1 Qc1+ 47. Kh2 Qf4+ 48. Kg1 1/2-1/2

[Event "Saturday 21 April Rapid Engine Tour 12+1 Rounds 9 Starts 1600ST"]
[Site "Infinity Chess"]
[Date "2018.4.21"]
[Round "7"]
[White "Eman"]
[Black "SkyPilot"]
[Result "1-0"]
[ECO "A50"]
[WhiteElo "2467"]
[BlackElo "2474"]
[WhiteEngine "Eman 1.70-beta24 64-bit POPCNT"]
[BlackEngine "stockfish_x64_bmi2_2018_04_07_CTG"]
[EventType "Swiss"]
[WhiteTeam ""]
[BlackTeam ""]
[PlyCount "137"]
[TimeControl "720+1"]

1. d4 Nf6 2. c4 c6 3. Bf4 Qb6 4. Qd2 Ne4 5. Qc2 g5 6. Be3 Bg7 7. f3 Nc5 
8. Nc3 Ne6 9. O-O-O Bxd4 10. Rxd4 Nxd4 11. Qe4 c5 12. Nd5 Qd6 13. Bxg5 Nbc6 
14. Bf4 e5 15. Bg5 Nb4 16. e3 Ndc6 17. Ne2 Nxd5 18. cxd5 Ne7 19. Nc3 a6 
20. f4 f6 21. fxe5 Qxe5 22. Qxe5 fxe5 23. Ne4 d6 24. Nxd6+ Kd7 25. Nf7 Rg8 
26. Nxe5+ Ke8 27. h4 Nxd5 28. Bd3 h6 29. Bxh6 Be6 30. Bg5 Nb4 31. Bg6+ Rxg6 
32. Nxg6 Bf5 33. Ne5 Nd3+ 34. Nxd3 Bxd3 35. g4 Kf7 36. Kd2 Bc4 37. h5 Rg8 
38. Bf4 Bd5 39. Rh4 Bf3 40. g5 Rh8 41. h6 Rh7 42. Be5 Kg6 43. Bg7 Kxg5 
44. Ra4 Bd5 45. Ra5 Bc6 46. Rxc5+ Kg6 47. Kd3 Be8 48. Rc7 b5 49. Re7 Bf7 
50. Ra7 Be6 51. Rxa6 Kf7 52. Kd4 Bc8 53. Rb6 Be6 54. Rxb5 Bxa2 55. b4 Be6 
56. Rc5 Bd7 57. b5 Bxb5 58. Rxb5 Ke6 59. e4 Kd6 60. Rb2 Ke6 61. Rb7 Rxh6 
62. Rb6+ Ke7 63. Rxh6 Ke8 64. Kd5 Kd7 65. Rc6 Ke7 66. Rc7+ Ke8 67. Ke6 Kd8 
68. Be5 Ke8 69. Rc8# 1-0

[Event "Saturday 21 April Rapid Engine Tour 12+1 Rounds 9 Starts 1600ST"]
[Site "Infinity Chess"]
[Date "2018.4.21"]
[Round "7"]
[White "Time_bandit"]
[Black "Susanne"]
[Result "1/2-1/2"]
[ECO "B32"]
[WhiteElo "2460"]
[BlackElo "2513"]
[WhiteEngine "asmFishW_2018-04-11_bmi2"]
[BlackEngine "stockfish_jvv01_x64_bmi2_CTG"]
[EventType "Swiss"]
[WhiteTeam ""]
[BlackTeam ""]
[PlyCount "68"]
[TimeControl "720+1"]

1. e4 c5 2. Nf3 Nc6 3. d4 cxd4 4. Nxd4 e5 5. Nb5 d6 6. N1c3 a6 7. Na3 b5 
8. Nd5 Nf6 9. Bg5 Be7 10. Bxf6 Bxf6 11. c3 Rb8 12. Nc2 Bg5 13. a4 bxa4 
14. Ncb4 Nxb4 15. Nxb4 Bd7 16. Bxa6 Qa5 17. Qxd6 Rb6 18. Qd3 Be6 19. Bc4 Rxb4 
20. Bxe6 Rd4 21. Qf3 O-O 22. Bd5 Bd2+ 23. Ke2 Qa6+ 24. c4 Bb4 25. Rhd1 Rxd1 
26. Rxd1 Bc5 27. Rd2 g6 28. g4 Kg7 29. h4 Qd6 30. h5 Qe7 31. Bc6 Qe6 32. Bd5 Qe7 
33. Bc6 Qe6 34. Bd5 Qe7 1/2-1/2

[Event "Saturday 21 April Rapid Engine Tour 12+1 Rounds 9 Starts 1600ST"]
[Site "Infinity Chess"]
[Date "2018.4.21"]
[Round "7"]
[White "KQRBNP"]
[Black "MarioDeMonti"]
[Result "1/2-1/2 "]
[ECO "D70"]
[WhiteElo "2387"]
[BlackElo "2474"]
[WhiteEngine "Eman 1.70-beta24 64-bit POPCNT"]
[BlackEngine "stockfish_x64_bmi2_2018_02_18_CTG"]
[EventType "Swiss"]
[WhiteTeam ""]
[BlackTeam ""]
[PlyCount "121"]
[TimeControl "720+1"]

1. d4 Nf6 2. c4 g6 3. f3 c5 4. d5 d6 5. Nc3 Bg7 6. e4 O-O 7. Bg5 h6 8. Bf4 a6 
9. Qd2 Kh7 10. Nge2 Nbd7 11. Ng3 Qa5 12. Be2 Ne8 13. a4 b5 14. cxb5 axb5 
15. Nxb5 Qxd2+ 16. Bxd2 Bxb2 17. Rb1 Bg7 18. a5 e6 19. Nf1 exd5 20. exd5 f5 
21. Ne3 Ndf6 22. g3 h5 23. Kf2 Bh6 24. Rhd1 Bxe3+ 25. Kxe3 f4+ 26. Kf2 fxg3+ 
27. Kxg3 Nxd5 28. Re1 Nb4 29. Bc4 d5 30. Re7+ Ng7 31. Bc3 h4+ 32. Kg2 dxc4 
33. Rxg7+ Kh6 34. Rc7 Bf5 35. Bg7+ Kh5 36. Bxf8 Bxb1 37. Rxc5+ g5 38. Be7 Rxa5 
39. Kh3 c3 40. Rxg5+ Kh6 41. Bxb4 Kxg5 42. Bxa5 Bd3 43. Kg2 Bxb5 44. Bxc3 Bc6 
45. Bd2+ Kf5 46. Kf2 Ke5 47. Bg5 Bd5 48. Ke3 Kf5 49. Be7 Ke6 50. Bc5 Ke5 
51. Ba3 Kf5 52. Bb4 Bb3 53. Ke2 Bd5 54. Ba5 Ke5 55. Ke3 Kf5 56. Bc3 Be6 
57. Bb4 Bd5 58. Bd6 Ke6 59. Bb8 Kf5 60. Ba7 Ke5 61. Bd4+ 1/2-1/2

[Event "Saturday 21 April Rapid Engine Tour 12+1 Rounds 9 Starts 1600ST"]
[Site "Infinity Chess"]
[Date "2018.4.21"]
[Round "7"]
[White "star99"]
[Black "Marsell"]
[Result "1/2-1/2"]
[ECO "D10"]
[WhiteElo "2463"]
[BlackElo "2479"]
[WhiteEngine "Cryptic Heroes 9.4B"]
[BlackEngine "BrainFish_180418_x64_bmi2"]
[EventType "Swiss"]
[WhiteTeam ""]
[BlackTeam ""]
[PlyCount "118"]
[TimeControl "720+1"]

1. d4 d5 2. c4 c6 3. cxd5 cxd5 4. Nc3 Nf6 5. Bf4 Nc6 6. e3 a6 7. Bd3 Bg4 
8. Nge2 e6 9. Rc1 Bd6 10. f3 Bh5 11. Na4 Bg6 12. Bxg6 hxg6 13. Kf2 g5 
14. Bxd6 Qxd6 15. Qb3 Rb8 16. Nc5 Qe7 17. h3 O-O 18. Nd3 Rfc8 19. g3 Qd8 
20. Qd1 Ne7 21. Rxc8 Rxc8 22. Qb3 Rb8 23. Nc5 Nd7 24. Nxd7 Qxd7 25. h4 gxh4 
26. Rxh4 Rc8 27. Qd3 f5 28. Qd2 Kf7 29. Rh1 Qc7 30. Rc1 Nc6 31. Nf4 g5 
32. Nh3 Rh8 33. Kg2 Qd8 34. b4 Qf6 35. Nf2 f4 36. Rd1 fxg3 37. Kxg3 Qe7 
38. Ng4 Nxb4 39. Kg2 Ke8 40. Rc1 Nc6 41. Qb2 Kf8 42. Qb6 Rh4 43. Qb1 Kg7 
44. Qb2 Na5 45. Ne5 Nc4 46. Nxc4 dxc4 47. Rxc4 Qd6 48. Qxb7+ Kf6 49. Qc7 Rh2+ 
50. Kf1 Qxc7 51. Rxc7 Rxa2 52. e4 Ra4 53. e5+ Kg6 54. Re7 Rxd4 55. Rxe6+ Kf5 
56. Rxa6 Kxe5 57. Ra1 Kf4 58. Ke2 g4 59. fxg4 Rd5 1/2-1/2

[Event "Saturday 21 April Rapid Engine Tour 12+1 Rounds 9 Starts 1600ST"]
[Site "Infinity Chess"]
[Date "2018.4.21"]
[Round "7"]
[White "hafaba"]
[Black "Gilgamesch"]
[Result "1/2-1/2"]
[ECO "C50"]
[WhiteElo "2461"]
[BlackElo "2468"]
[WhiteEngine "Eman 1.70-beta21 64-bit POPCNT_CTG"]
[BlackEngine "BrainFish_180408_x64_bmi2"]
[EventType "Swiss"]
[WhiteTeam ""]
[BlackTeam ""]
[PlyCount "87"]
[TimeControl "720+1"]

1. e4 e5 2. Nf3 Nc6 3. Bc4 Bc5 4. O-O Nf6 5. d3 d6 6. c3 O-O 7. Bg5 a5 8. a4 h6 
9. Bh4 g5 10. Bg3 Kg7 11. Nbd2 Ba7 12. Re1 Ng8 13. Nf1 h5 14. h3 Nh6 15. d4 g4 
16. Bh4 Qe8 17. Ng3 f6 18. Nh2 Qg6 19. Rc1 Kh8 20. Bd5 gxh3 21. Qxh5 Ne7 
22. Re3 Bd7 23. Bb3 hxg2 24. Kxg2 Rab8 25. Rd1 b5 26. Rf3 bxa4 27. dxe5 fxe5 
28. Bxe7 Qxh5 29. Nxh5 Rxf3 30. Nxf3 axb3 31. Bxd6 cxd6 32. Rxd6 Rg8+ 
33. Ng3 Ng4 34. Rxd7 Bxf2 35. Rb7 a4 36. Nf5 Bc5 37. Kh3 Nf2+ 38. Kh4 Nxe4 
39. Nxe5 Rg1 40. Nf7+ Kg8 41. N7h6+ Kh8 42. Nf7+ Kg8 43. N7h6+ Kh8 44. Nf7+ 
1/2-1/2

[Event "Saturday 21 April Rapid Engine Tour 12+1 Rounds 9 Starts 1600ST"]
[Site "Infinity Chess"]
[Date "2018.4.21"]
[Round "7"]
[White "Katzenmaier"]
[Black "MedusaV3"]
[Result "1/2-1/2"]
[ECO "A40"]
[WhiteElo "2508"]
[BlackElo "2402"]
[WhiteEngine "Raubfisch X38a."]
[BlackEngine "Eman 1.70-beta23 64-bit BMI2_CTG"]
[EventType "Swiss"]
[WhiteTeam ""]
[BlackTeam ""]
[PlyCount "88"]
[TimeControl "720+1"]

1. d4 e6 2. e4 d5 3. Nc3 Nf6 4. e5 Nfd7 5. f4 c5 6. Nf3 Nc6 7. Be3 cxd4 
8. Nxd4 Bc5 9. Qd2 O-O 10. O-O-O Nxd4 11. Bxd4 a6 12. Qe3 Qc7 13. Bd3 Bxd4 
14. Qxd4 b5 15. Kb1 Qc5 16. Ne2 b4 17. Rc1 Qa7 18. Qxb4 Nc5 19. Rhd1 Rb8 
20. Qa5 Bd7 21. Nd4 Rfc8 22. g3 h6 23. c3 Qb7 24. b3 Bb5 25. Nxb5 axb5 
26. Qb4 Qa7 27. Bxb5 Ne4 28. Rc2 Rc5 29. a4 Rcxb5 30. axb5 Ra8 31. Qa4 Qb7 
32. Qb4 Qa7 33. Qa4 Qb8 34. Qd4 Qxb5 35. Rb2 Qa5 36. Rc1 Qa3 37. Qb6 g6 
38. Qb4 Qa6 39. Qd4 Qa3 40. g4 Rb8 41. Qa4 Qc5 42. Qd4 Qa3 43. Kc2 Rc8 
44. Kb1 Rb8 1/2-1/2